 Dungeon Crawl Stone Soup version 0.30-a0-626-gd6a5dd7a1f (webtiles) character file.

Game seed: 4901834320377796565

55 NinjaNoafa the Chopper (level 3, 0/33 HPs)
             Began as a Hill Orc Monk on Jan 12, 2023.
             Succumbed to an adder's poison
             ... on level 2 of the Dungeon.
             The game lasted 00:04:35 (1366 turns).

NinjaNoafa the Chopper (Hill Orc Monk)              Turns: 1366, Time: 00:04:37

Health: 0/33       AC:  3    Str: 15    XL:     3   Next: 93%
Magic:  3/3        EV: 12    Int: 10    God:
Gold:   76         SH:  0    Dex: 13    Spells: 2/2 levels left

rFire   . . .      SeeInvis .    a - +0 hand axe
rCold   . . .      Faith    .    (no shield)
rNeg    . . .      Spirit   .    g - +0 leather armour
rPois   .          Reflect  .    (no helmet)
rElec   .          Harm     .    (no cloak)
rCorr   .          Rampage  .    (no gloves)
Will    .....                    (no boots)
Stlth   ++                       (no amulet)
HPRegen 0.25/turn                (no ring)
MPRegen 0.08/turn                (no ring)

@: lethally poisoned (0 -> -13)
A: no striking features
a: no special abilities


You were on level 2 of the Dungeon.
You visited 1 branch of the dungeon, and saw 2 of its levels.

You collected 76 gold pieces.

Inventory:

Hand Weapons
 a - a +0 hand axe (weapon)
Missiles
 e - 2 poisoned darts (quivered)
Armour
 g - a +0 leather armour (worn)
Scrolls
 d - 2 scrolls of teleportation {unknown}
 f - a scroll of vulnerability {unknown}
 h - a scroll of fear {unknown}
 i - a scroll of immolation {unknown}
Potions
 b - 2 potions of curing {unknown}
 c - a potion of ambrosia


   Skills:
 - Level 4.2 Fighting
 + Level 5.0 Axes
 - Level 1.5 Armour
 - Level 2.4 Dodging
 + Level 1.9 Stealth


You had 2 spell levels left.
You didn't know any spells.
Your spell library was empty.

Dungeon Overview and Level Annotations

Branches:
Dungeon (2/15)

Altars:
Hepliaklqana


Message History

The adder is moderately wounded.
You feel sick. The adder barely misses you.
You closely miss the adder.
The adder is moderately wounded.
You feel sick. The adder bites you but does no damage.
You hit the adder but do no damage.
The adder is moderately wounded.
You feel sick. The adder bites you but does no damage. The adder bites you.
You are more poisoned.
The adder poisons you!
You hit the adder.
The adder is severely wounded.
You feel very sick. The adder closely misses you.
You hit the adder but do no damage.
The adder is severely wounded.
You feel sick. The adder bites you.
You are more poisoned.
The adder poisons you! The adder bites you.
You are more poisoned.
The adder poisons you!
You hit the adder but do no damage.
The adder is severely wounded.
You feel very sick. The adder bites you but does no damage.
You hit the adder but do no damage.
The adder is severely wounded.
You feel very sick. The adder closely misses you.
You closely miss the adder.
The adder is severely wounded.
You feel very sick. The adder bites you.
* * * LOW HITPOINT WARNING * * *
You are more poisoned.
The adder poisons you! The adder bites you.
* * * LOW HITPOINT WARNING * * *
You closely miss the adder.
The adder is severely wounded.
You die...

#...# ........##.#
....... #.#
#####.###.######.#
#####............#
#....####.########
#....# #.# #....# #.#
.## ####....####.####
.... ......S@........#
....#####....####.##.#
..........<....... ....
.. .....##.#.#..####
#.##.########
##.##.#........... ...
#.......
#.....#..#........ ...
#.######
#.....#......##### #..#
#.# #
#.....#........... ..#
#.# #
#.....#...).########.##
#.# #


You could see an adder.

Vanquished Creatures
  2 adders (D:2)
  A worm (D:2)
  6 endoplasms
  6 hobgoblins
  3 kobolds (D:1)
  2 bats (D:2)
  2 frilled lizards (D:2)
  4 goblins
  10 rats
36 creatures vanquished.

Notes
Turn   | Place    | Note
-------+----------+-------------------------------------------
     0 | D:1      | NinjaNoafa the Hill Orc Monk began the quest for the Orb.
     0 | D:1      | Reached XP level 1. HP: 19/19 MP: 1/1
   234 | D:1      | Reached XP level 2. HP: 27/27 MP: 2/2
   454 | D:1      | Reached skill level 1 in Armour
   811 | D:2      | Reached XP level 3. HP: 31/33 MP: 3/3
  1240 | D:2      | Reached skill level 5 in Axes
  1323 | D:2      | Found a hazy altar of Hepliaklqana.
  1366 | D:2      | Succumbed to an adder's poison

Illustrated notes

Levels and vault maps discovered:
D:1:      psy_arrival_whirlpool, layout_basic
D:2:      minmay_door_path, layout_basic, basic_altar, minmay_pentomino_x4

Skill      XL: |  1  2  3 |
---------------+----------+-----
Armour         | 1 |  1.5
Fighting       | 4 |  4.2
Axes           | 5 |  5.0
Dodging        | |  2.4
Stealth        | |  1.9

Action                   || total
-------------------------++-------
Melee: Hand axe          ||   125
 Stab: Sleeping          ||     3
Armor: Robe              ||     3
       Leather armour    ||    30
Dodge: Dodged            ||    84

Table legend: (Time is in decaauts)
 A = Elapsed time spent in this place.
 B = Non-inter-level travel time spent in this place.
 C = Inter-level travel time spent in this place.
 D = Time resting spent in this place.
 E = Time spent auto-exploring this place.
 F = Levels seen in this place.
 G = Mean time per level.
                   A        B        C        D        E       F      G
               +--------+--------+--------+--------+--------+-----+--------+
         Total |   1376 |   1352 |     24 |      0 |   1014 |   2 |  688.0 |
       Dungeon |   1376 |   1352 |     24 |      0 |   1014 |   2 |  688.0 |
               +--------+--------+--------+--------+--------+-----+--------+

Top non-repeatable levels by time:
     D:1: 724 daAuts
     D:2: 651 daAuts
